 Dungeon Crawl Stone Soup version 0.24.1 (webtiles) character file.

Game seed: 7832119978468200732, levelgen mode: deterministic

373 Stormleaks the Basher (level 6, -6/50 HPs)
             Began as a Minotaur Gladiator on Apr 6, 2020.
             Mangled by Blackmass's ghost (10 damage)
             ... on level 4 of the Dungeon.
             The game lasted 00:23:56 (3008 turns).

Stormleaks the Basher (Minotaur Gladiator)          Turns: 3008, Time: 00:23:57

Health: -6/50      AC:  7    Str: 18    XL:     6   Next: 43%
Magic:  5/5        EV: 12    Int:  5    God:
Gold:   135        SH:  0    Dex: 14    Spells: 5/5 levels left

rFire    . . .     SeeInvis .   a - +3 flail
rCold    . . .     Gourm    .   (no shield)
rNeg     . . .     Faith    .   h - +1 ring mail
rPois    .         Spirit   .   c - +0 hat
rElec    .         Reflect  .   (no cloak)
rCorr    .         Harm     .   l - +0 pair of gloves
MR       .....                  (no boots)
Stlth    +.........             (no amulet)
HPRegen  0.16/turn              (no ring)
MPRegen  0.09/turn              (no ring)

@: very slightly contaminated, very slow
A: retaliatory headbutt, horns 2
a: no special abilities


You were on level 4 of the Dungeon.
You were not hungry.

You visited 1 branch of the dungeon, and saw 4 of its levels.

You collected 135 gold pieces.

Inventory:

Hand Weapons
 a - a +3 flail (weapon)
 q - a +0 flail
Missiles
 d - 3 throwing nets (quivered)
 j - 8 javelins
Armour
 b - a +0 leather armour
 c - a +0 hat (worn)
 h - a +1 ring mail (worn)
 l - a +0 pair of gloves (worn)
Jewellery
 k - an uncursed ring of positive energy {unknown}
 n - an uncursed amulet of magic regeneration {unknown}
Scrolls
 g - 2 scrolls of blinking
 o - a scroll of enchant armour
Potions
 e - 3 potions of flight {unknown}
 i - a potion of invisibility {unknown}
 m - a potion of lignification {unknown}
 p - a potion of berserk rage {unknown}
Comestibles
 f - 6 rations


   Skills:
 - Level 2.4 Fighting
 * Level 8.6 Maces & Flails
 - Level 2.0 Throwing
 - Level 3.6 Dodging
 - Level 0.2 Stealth


You had 5 spell levels left.
You didn't know any spells.
Your spell library was empty.

Dungeon Overview and Level Annotations

Branches:
Dungeon (4/15)
 Temple: D:4-7

Altars:

Annotations:
D:4 Blackmass's ghost, amateur HOFi


Innate Abilities, Weirdness & Mutations

You reflexively headbutt those who attack you in melee.
You have a pair of horns on your head.


Message History

Press: ? - help, Dir - move target cursor
As you read the scroll of blinking, it crumbles to dust.
Blackmass's ghost screams, "Zot is a myth, the ORB is a fable, you'll soon be a tale!"
There is an open translucent door, spattered with blood here.
You enter the shallow water.
Moving in this stuff is going to be slow.
There's a creature in the doorway!
Your unstable footing causes you to fumble your attack.
Blackmass's ghost hits you but does no damage.
You hit Blackmass's ghost.
Blackmass's ghost is lightly damaged.
Blackmass's ghost closely misses you. You furiously retaliate!
You headbutt Blackmass's ghost, but do no damage.
You barely miss Blackmass's ghost. You headbutt Blackmass's ghost.
Blackmass's ghost is lightly damaged.
Blackmass's ghost hits you!
* * * LOW HITPOINT WARNING * * *
Your unstable footing causes you to fumble your attack.
Blackmass's ghost hits you!
You die...

##.##.#.##.#†##...............#
###.#.##.#.###.####...........
.#.##.#.##....W..>.........#
#.##.#.###.#.#####.###.....#
#.##.#[####.#.#...#.# .....#
#.##.#.## #..#.#.#.#W# .....#
###.#.## #.(....#.#.# .....#
#...## #.#W#..#.#.# .....# ##.##
###@##.#.#.# ...#
######.#########≈##.#.#.#########
...............#≈##.#............
################≈##.###.#####...#
#!##.###.# #...# #≈##.....# #...#
########## #####


You could see Blackmass's ghost.

Vanquished Creatures
  A phantom (D:4)
  2 hounds (D:4)
  An orc wizard (D:3)
  2 iguanas (D:4)
  2 worker ants (D:4)
  2 adders (D:4)
  A gnoll (D:4)
  2 worms
  A dart slug (D:1)
  4 leopard geckos
  3 orcs (D:3)
  5 giant cockroaches
  6 goblins
  5 hobgoblins
  A jackal (D:4)
  6 kobolds
  2 quokkas
  3 ball pythons
  9 bats
  8 frilled lizards
  A jackal skeleton (D:4)
  7 rats
74 creatures vanquished.

Notes
Turn   | Place    | Note
-------+----------+-------------------------------------------
     0 | D:1      | Stormleaks the Minotaur Gladiator began the quest for the
                  | Orb.
     0 | D:1      | Reached XP level 1. HP: 18/18 MP: 0/0
   401 | D:1      | Reached XP level 2. HP: 25/25 MP: 1/1
   524 | D:1      | Reached skill level 4 in Maces & Flails
   938 | D:2      | Reached XP level 3. HP: 29/30 MP: 2/2
  1161 | D:3      | Reached skill level 5 in Maces & Flails
  1439 | D:3      | Reached XP level 4. HP: 25/37 MP: 3/3
  1820 | D:4      | Reached skill level 6 in Maces & Flails
  2003 | D:4      | Reached XP level 5. HP: 32/42 MP: 4/4
  2160 | D:4      | Reached skill level 7 in Maces & Flails
  2639 | D:4      | Reached skill level 8 in Maces & Flails
  2639 | D:4      | Reached XP level 6. HP: 28/50 MP: 5/5
  2958 | D:4      | Found a runed translucent door.
  2962 | D:4      | Noticed Blackmass's ghost (amateur HOFi)
  3008 | D:4      | Mangled by Blackmass's ghost

Levels and vault maps discovered:
D:1:      lightli_arrival_isolated_outpost, layout_basic, minmay_lizard_pond
D:2:      layout_basic
D:3:      layout_rooms, minmay_misc_feat_alley, corexii_item_surrounded_by_moat
D:4:      minmay_inner_zag, layout_basic, ebering_ghost_sewer_d, first_ration,
          minmay_box_of_dots

Skill      XL: |  1  2  3  4  5 |
---------------+----------------+-----
Maces & Flails | 4 5 6 8 |  8.6
Fighting       | |  2.4
Throwing       | |  2.0
Dodging        | |  3.6
Stealth        | |  0.2

Action                   |  1- 3 |  4- 6 || total
-------------------------+-------+-------++-------
Melee: Flail             |    83 |    89 ||   172
       Headbutt          |    13 |    12 ||    25
  Use: Scroll            |     7 |     5 ||    12
  Eat: Chunk             |     1 |       ||     1
       Ration            |       |     2 ||     2
Armor: Leather armour    |     2 |       ||     2
       Ring mail         |    41 |    14 ||    55
Dodge: Dodged            |    79 |    50 ||   129
